 Dungeon Crawl Stone Soup version 0.23-a0-619-g281719c (webtiles) character file.

106795 Firecrotchwizard the Warrior (level 16, 0/156 HPs)
             Began as a Ghoul Fighter on Dec 22, 2018.
             Was the Champion of Makhleb.
             Slain by a shock serpent (6 damage)
             ... on level 2 of the Snake Pit.
             The game lasted 01:19:29 (25989 turns).

Firecrotchwizard the Warrior (Ghoul Fighter)       Turns: 25989, Time: 01:19:29

Health: 0/156      AC: 26    Str: 24    XL:     16   Next: 45%
Magic:  23/23      EV:  5    Int:  6    God:    Makhleb [******]
Gold:   1332       SH: 28    Dex:  8    Spells: 15/15 levels left

rFire    . . .     SeeInvis +     - Unarmed
rCold    + + .     Gourm    .   X - +7 large shield {reflect}
rNeg     + + +     Faith    .   v - +2 plate armour {MR+}
rPois    ∞         Spirit   .   i - +2 helmet {SInv}
rElec    .         Reflect  +   D - +2 cloak
rCorr    .         Harm     .   (no gloves)
MR       +++..                  w - +2 pair of boots {Fly}
Stlth    ..........             y - +2 amulet of reflection
HPRegen  0.00/turn              W - ring of protection from magic {MR+, !d}
MPRegen  0.18/turn              b - ring of protection from cold {rC+, !d}

@: flying, rotting, studying Conjurations
A: rotting body, claws 1, carnivore, cold resistance 1, negative energy
resistance 3, inhibited regeneration, torment resistance, unbreathing
a: Minor Destruction, Lesser Servant of Makhleb, Major Destruction, Greater
Servant of Makhleb, Renounce Religion, Stop Flying


You were on level 2 of the Snake Pit.
You worshipped Makhleb.
Makhleb was exalted by your worship.
You were not hungry.

You visited 5 branches of the dungeon, and saw 25 of its levels.
You also visited: Volcano.

You collected 2920 gold pieces.
You spent 1588 gold pieces at shops.

Inventory:

Missiles
 h - 7 curare-tipped needles
 H - 3 throwing nets {=f, !d}
Armour
 i - a +2 helmet of see invisible (worn)
   (You bought it in a shop on level 6 of the Dungeon)
 v - a +2 plate armour of magic resistance (worn)
   (You took it off an orc warrior on level 6 of the Dungeon)
 w - a +2 pair of boots of flying (worn)
   (You bought it in a shop on level 6 of the Dungeon)
 D - a +2 cloak (worn)
   (You found it on level 8 of the Dungeon)
 E - a +2 shield
   (You found it on level 8 of the Dungeon)
 T - the +2 pair of boots of Jiharenu {rC+ MR- rCorr Int+6}
   (You found it on level 13 of the Dungeon)

   It affects your intelligence (+6).
   It protects you from cold.
   It affects your resistance to hostile enchantments.
   It provides partial protection from all sources of acid and corrosion.
 X - a +7 large shield of reflection (worn)
   (You bought it in a shop on level 2 of the Orcish Mines)
Jewellery
 b - a ring of protection from cold (right claw) {rC+, !d}
   (You found it on level 2 of the Lair of Beasts)
 c - an uncursed ring of fire {rF+, rC-}
   (You found it on level 9 of the Dungeon)
 t - the ring "Jynug" {Wiz MR+ Int+3 Dex-5}
   (You found it on level 3 of the Lair of Beasts)

   [ring of wizardry]

   It improves your spell success rate.
   It affects your intelligence (+3).
   It affects your dexterity (-5).
   It affects your resistance to hostile enchantments.
 y - a +2 amulet of reflection (around neck)
   (You bought it in a shop on level 6 of the Dungeon)
 O - an uncursed ring of fire {rF+, rC-}
   (You found it on level 4 of the Lair of Beasts)
 R - an uncursed ring of magical power {MP+9}
   (You found it on level 6 of the Lair of Beasts)
 W - a ring of protection from magic (left claw) {MR+, !d}
   (You bought it in a shop on level 2 of the Orcish Mines)
Wands
 m - a wand of random effects (35)
   (You found it on level 14 of the Dungeon)
 u - a wand of acid (16)
   (You found it on level 4 of the Lair of Beasts)
 B - a wand of flame (45)
   (You took it off a goblin on level 8 of the Dungeon)
 F - a wand of paralysis (24)
   (You found it on level 10 of the Dungeon)
 G - a wand of polymorph (20)
   (You found it on level 1 of the Lair of Beasts)
 I - a wand of digging (5)
   (You found it on level 4 of the Lair of Beasts)
 K - a wand of iceblast (18)
   (You found it on level 4 of the Lair of Beasts)
 M - a wand of scattershot (6)
   (You found it on level 4 of the Lair of Beasts)
Scrolls
 e - 8 scrolls of blinking {!r}
 f - 3 scrolls of magic mapping {!r}
 g - 13 scrolls of remove curse
 j - 7 scrolls of amnesia
 k - a scroll of fear
 o - 6 scrolls of enchant weapon
 s - 11 scrolls of identify
 x - 9 scrolls of teleportation
 N - 4 scrolls of fog
Potions
 l - 4 potions of ambrosia
 n - 2 potions of resistance
 p - 5 potions of curing
 q - 3 potions of flight
 r - 3 potions of brilliance {unknown}
 z - 3 potions of haste
 A - 3 potions of heal wounds
 C - 3 potions of invisibility
 J - 2 potions of cancellation {unknown}
 S - 2 potions of agility {unknown}
 V - 2 potions of berserk rage {unknown}
Books
 a - a manual of Conjurations {!d}
   (You found it on level 6 of the Dungeon)
Miscellaneous
 L - a crystal ball of energy
   (You found it on level 4 of the Lair of Beasts)
 Q - a lightning rod (4/4)
   (You found it on level 5 of the Lair of Beasts)
Comestibles
 d - 43 rations
 P - 7 chunks of flesh {@w0}


   Skills:
 + Level 17.6 Fighting
 - Level 8.6 Armour
 + Level 14.0 Shields
 + Level 13.9 Unarmed Combat
 - Level 10.8 Invocations


You had 15 spell levels left.
You didn't know any spells.
Your spell library contained the following spells:

 Spells                   Type           Power        Failure   Level  Hunger
 Corona                   Hex            #......      100%        1    ##.....
 Shock                    Conj/Air       #...         100%        1    ##.....
 Slow                     Hex            #.......     100%        2    ###....
 Swiftness                Chrm/Air       #.......     100%        2    ###....
 Inner Flame              Hex/Fire       #.......     100%        3    ####...
 Portal Projectile        Hex/Tloc       #.....       100%        3    ####...
 Static Discharge         Conj/Air       #.......     100%        3    ####...
 Airstrike                Air            #.........   100%        4    #####..
 Cause Fear               Hex            #.........   100%        4    #####..
 Leda's Liquefaction      Hex/Erth       #.........   100%        4    #####..
 Lightning Bolt           Conj/Air       #.........   100%        5    ######.


Dungeon Overview and Level Annotations

Branches:
Dungeon (14/15)            Temple (1/1) D:6            Lair (6/6) D:8
 Shoals (0/4) Lair:3        Snake (2/4) Lair:3        Slime (0/5) Lair:6
    Orc (2/2) D:11            Elf (0/3) Orc:2        Vaults (0/5) D:14

Altars:
Ashenzari
Cheibriados
Dithmenos
Elyvilon
Fedhas
Gozag
Hepliaklqana
Kikubaaqudgha
Makhleb
Nemelex Xobeh
Okawaru
Qazlal
Ru
Sif Muna
Trog
Uskayaw
Vehumet
Wu Jian
Xom
Yredelemnul
Zin
The Shining One

Shops:
D:5 :   D:6 ?=[[[   Orc:1 *   Orc:2 [*%!(?}**   Snake:1 !}[

Annotations:
D:7 2 transporters, Zalbag's ghost, novice OpEE
Snake:2 exclusion: Roxanne, Roxanne


Innate Abilities, Weirdness & Mutations

Your body is rotting away.
You thrive on raw meat.
You are immune to poison.
You have sharp fingernails.
You are carnivorous and can eat meat at any time.
Your flesh is cold resistant. (rC+)
You are immune to negative energy. (rN+++)
You do not regenerate when monsters are visible.
You are immune to unholy pain and torment.
You can survive without breathing.


Message History

You start resting.
Some of the chunks of flesh in your inventory have rotted away.
A guardian serpent comes into view.
The guardian serpent moves out of view.
You regained 14 hp, and now have 99/156 hp.
You start resting.
The guardian serpent is too close now for your liking.
The guardian serpent shouts!
A guardian serpent is nearby!
The guardian serpent coils itself and waves its upper body at you.
The bolt of poison hits you! You resist.
You block the guardian serpent's attack.
You are too injured to fight recklessly!
You are too injured to fight recklessly!
You are too injured to fight recklessly!
You are too injured to fight recklessly!
You scratch the guardian serpent.
The guardian serpent hits you but does no damage.
You mangle the guardian serpent!!
The guardian serpent coils itself and waves its upper body at you.
The bolt of poison hits you! You resist.
A salamander comes into view. It is wielding a +0 trident.
You scratch the guardian serpent but do no damage.
You block the guardian serpent's attack.
You closely miss the guardian serpent.
You block the guardian serpent's attack. x2
You scratch the guardian serpent but do no damage.
You block the guardian serpent's attack.
You scratch the guardian serpent but do no damage.
The guardian serpent gestures with its tail.
The salamander blinks!
You mangle the guardian serpent!!
You kill the guardian serpent!
Makhleb accepts your kill. You block the salamander's attack.
You claw the salamander! You block the salamander's attack.
You claw the salamander! You mangle the salamander!!
You block the salamander's attack.
You mangle the salamander!!
You kill the salamander!
Makhleb accepts your kill.
You feel better.
You regained 11 hp, and now have 111/156 hp.
l - 4 potions of ambrosia (gained 1)
You now have 1332 gold pieces (gained 25).
Things that are here:
a +0 trident; a salamander corpse You butcher the salamander corpse.
P - 8 chunks of flesh {@w0} (gained 4)
Things that are here:
a +0 trident; a salamander skeleton
There is a stone staircase leading up here.
You see here 9 bolts.
You start resting.
A naga warrior comes into view. It is wielding a +0 halberd.
You regained 9 hp, and now have 122/156 hp.
The naga warrior shouts!
The naga warrior spits poison at you.
Your +7 large shield of reflection reflects the splash of poison!
The splash of poison hits the naga warrior.
A shock serpent comes into view.
Some of the chunks of flesh in your inventory have rotted away.
The shock serpent shoots out a bolt of lightning at you!
The bolt of electricity hits you!
You take 35 damage, and have 87/156 hp.
MASSIVE DAMAGE!!
The naga warrior spits poison at you.
Your +7 large shield of reflection reflects the splash of poison!
The splash of poison hits the naga warrior.
The naga warrior is poisoned.
You block the naga warrior's attack.
There is a stone staircase leading up here.
You see here 9 bolts.
Your plate armour prevents you from hitting the shock serpent.
The shock serpent bites you. The shock serpent shocks you!
The shock serpent bites you. The shock serpent shocks you!
You take 36 damage, and have 51/156 hp.
MASSIVE DAMAGE!!
You closely miss the shock serpent. You block the shock serpent's attack.
You block the naga warrior's attack.
You closely miss the shock serpent. You block the shock serpent's attack.
You mangle the shock serpent!!
The shock serpent's electric aura discharges, shocking you!
* * * LOW HITPOINT WARNING * * *
You block the shock serpent's attack. You block the naga warrior's attack.
The shock serpent bites you.
* * * LOW HITPOINT WARNING * * *
The shock serpent shocks you!
* * * LOW HITPOINT WARNING * * *
You take 29 damage, and have 22/156 hp.
You scratch the shock serpent but do no damage.
You block the shock serpent's attack.
The naga warrior hits you from afar with a +0 halberd!
* * * LOW HITPOINT WARNING * * *
You take 11 damage, and have 11/156 hp.
You mangle the shock serpent!!
The shock serpent's electric aura discharges, shocking you!
* * * LOW HITPOINT WARNING * * *
The shock serpent bites you.
You die...

### #.## ##.(#
###.@)#
#####.##S(##
#..).).(N..#
#(..[.(#(...#
#.).).###.......
##....(#.#...##..8
#......#.##...# ..
#.........#...# .
#.(....#..#.....


You could see a naga warrior and a shock serpent.

Vanquished Creatures
  Vashnia (Snake:2)
  Gastronok (Lair:1)
  Kirke (D:13)
  A fire dragon (Lair:1)
  Snorg (D:11)
  8 hydras
  Harold (Lair:1)
  Erica (Orc:1)
  A death knight (D:10)
  3 centaur warriors
  4 two-headed ogres
  5 death yaks
  6 orc high priests
  A naga sharpshooter (Snake:2)
  3 shock serpents (Snake:1)
  Urug (Lair:2)
  3 skeletal warriors
  A deep troll (D:14)
  An unseen horror (D:13)
  A deep elf archer (D:14)
  3 deep elf magi
  A naga ritualist (Snake:2)
  Pikel (D:6)
  A lindwurm (Lair:4)
  8 orc knights
  A mana viper (Snake:2)
  An orc sorcerer (Orc:2)
  A cyclops (D:12)
  5 ugly things
  6 elephants (Lair:5)
  2 manticores
  Maurice (Orc:1)
  2 salamanders
  2 guardian serpents
  18 spiny frogs
  2 merfolk sirens (Lair:3)
  3 torpor snails
  11 black mambas
  A gargoyle (D:14)
  3 centaur skeletons
  10 komodo dragons
  A freezing wraith (D:10)
  8 rime drakes
  An efreet (D:13)
  2 merfolk (Lair:3)
  A troll (shapeshifter) (D:14)
  4 trolls
  A polar bear (shapeshifter) (D:12)
  4 polar bears (Lair:6)
  5 hornets
  10 blink frogs
  3 dream sheep (Lair:6)
  9 hippogriffs
  12 spriggans
  Sigmund (D:2)
  2 shadows
  3 wyverns
  39 yaks
  4 wraiths
  5 hogs
  17 humans
  8 steam dragons (Lair:3)
  A vampire mosquito (D:14)
  A hungry ghost (D:10)
  4 wargs
  4 porcupines
  2 acid dragons
  8 nagas
  12 water moccasins
  32 orc warriors
  7 ice beasts
  4 black bears
  Duvessa (D:6)
  4 eyes of draining
  3 sky beasts
  A slave (D:5)
  13 ogres
  4 boggarts
  19 wolves
  8 centaurs
  11 crocodiles
  22 bullfrogs
  4 big kobolds
  A wyvern zombie (D:13)
  2 gnoll sergeants
  6 scorpions
  A wyvern skeleton (D:12)
  Dowan (D:6)
  A water moccasin skeleton (D:6)
  10 killer bees (D:9)
  8 wights
  3 howler monkeys
  5 electric eels
  4 centaur zombies
  2 bullfrog zombies
  6 crimson imps
  A quasit (D:11)
  A gnoll shaman (Orc:2)
  5 jellies
  21 orc wizards
  31 orc priests
  3 bullfrog skeletons
  8 hounds
  4 iguanas
  12 worker ants
  A hound zombie (D:9)
  2 hound skeletons
  2 worker ant zombies (D:6)
  Robin (D:4)
  26 gnolls
  10 adders
  5 shadow imps
  2 oozes
  An adder zombie (D:8)
  2 worms (D:2)
  3 dart slugs
  2 leopard geckos (D:5)
  94 orcs
  2 ball pythons
  12 bats
  3 giant cockroaches
  8 hobgoblins
  7 jackals
  23 kobolds
  5 quokkas
  8 frilled lizards
  13 goblins
  A leopard gecko skeleton (D:9)
  A leopard gecko zombie (D:8)
  2 quokka skeletons
  6 rats
  A fire vortex (Orc:1)
812 creatures vanquished.

Vanquished Creatures (collateral kills)
  Agnes (D:14)
  A hornet (Lair:5)
  A spriggan (Lair:5)
  A yak (Lair:5)
  2 bullfrogs (D:14)
  3 kobolds (D:14)
9 creatures vanquished.

Vanquished Creatures (others)
  A centaur warrior (D:14)
  2 naga sharpshooters (Snake:2)
  A rime drake (Lair:3)
  2 steam dragons (Lair:3)
  An orc warrior (Orc:2)
  7 centaurs
  A crocodile (D:10)
  An orc (D:10)
  2 kobolds
  10 fungi
  3 plants
31 creatures vanquished.

Grand Total: 852 creatures vanquished

Notes
Turn   | Place    | Note
-------+----------+-------------------------------------------
     0 | D:1      | Firecrotchwizard the Ghoul Fighter began the quest for the
                  | Orb.
     0 | D:1      | Reached XP level 1. HP: 19/19 MP: 0/0
   173 | D:1      | Reached XP level 2. HP: 26/26 MP: 1/1
   249 | D:1      | Reached skill level 3 in Unarmed Combat
   499 | D:1      | Reached XP level 3. HP: 33/33 MP: 2/2
  1202 | D:2      | Reached skill level 4 in Fighting
  1202 | D:2      | Reached skill level 4 in Unarmed Combat
  1202 | D:2      | Reached XP level 4. HP: 26/40 MP: 3/3
  1291 | D:2      | Noticed Sigmund
  1300 | D:2      | Killed Sigmund
  1300 | D:2      | Reached skill level 5 in Unarmed Combat
  1300 | D:2      | Reached XP level 5. HP: 47/47 MP: 4/4
  1410 | D:3      | Reached XP level 6. HP: 53/55 MP: 5/5
  1598 | D:3      | Reached skill level 5 in Fighting
  1718 | D:3      | Reached skill level 6 in Unarmed Combat
  2190 | D:4      | Noticed Robin
  2232 | D:4      | Killed Robin
  2446 | D:4      | Reached XP level 7. HP: 49/61 MP: 6/6
  2793 | D:4      | Reached skill level 7 in Unarmed Combat
  2858 | D:5      | Entered Level 5 of the Dungeon
  3017 | D:4      | Reached skill level 6 in Fighting
  3118 | D:5      | Reached skill level 8 in Unarmed Combat
  3118 | D:5      | Reached XP level 8. HP: 55/71 MP: 7/7
  3492 | D:5      | Found Hyleeho's Book Boutique.
  3818 | D:6      | Reached skill level 7 in Fighting
  3818 | D:6      | Reached skill level 9 in Unarmed Combat
  4381 | D:6      | Found Tefaf's Antique Armour Boutique.
  4389 | D:6      | Found a staircase to the Ecumenical Temple.
  4394 | D:6      | Noticed Dowan
  4396 | D:6      | Noticed Duvessa
  4400 | Temple   | Entered the Ecumenical Temple
  4693 | Temple   | Became a worshipper of Makhleb the Destroyer
  4720 | D:6      | Noticed Pikel
  4932 | D:6      | Reached skill level 10 in Unarmed Combat
  4960 | D:6      | Reached XP level 9. HP: 61/80 MP: 8/8
  5001 | D:6      | Found Astradoju's Armour Emporium.
  5075 | D:6      | Killed Dowan
  5075 | D:6      | Reached skill level 8 in Fighting
  5127 | D:6      | Killed Duvessa
  5254 | D:6      | Killed Pikel
  5254 | D:6      | Reached skill level 11 in Unarmed Combat
  5378 | D:6      | Found Kack's Armour Shoppe.
  5429 | D:6      | Bought a +2 pair of boots of flying for 258 gold pieces
  5486 | D:6      | Found Zaetota's Magic Scroll Shop.
  5494 | D:6      | Bought a scroll of teleportation for 33 gold pieces
  5512 | D:6      | Found Xeredat's Jewellery Shop.
  5515 | D:6      | Bought a +2 amulet of reflection for 105 gold pieces
  5703 | D:7      | Found a transporter.
  5706 | D:7      | Noticed Zalbag's ghost (novice OpEE)
  5709 | D:7      | Identified the +4 dire flail of Poverty {venom, rPois}
  5709 | D:7      | Identified the +7 dire flail "Ycronu" {holy, *Noise Fragile
                  | rPois Dex+8}
  5709 | D:7      | Noticed a two-headed ogre
  5761 | D:7      | Reached skill level 1 in Invocations
  5824 | D:7      | Reached * piety under Makhleb
  5824 | D:7      | Reached skill level 3 in Shields
  5831 | D:7      | Reached skill level 9 in Fighting
  6006 | D:7      | Reached skill level 2 in Invocations
  6155 | D:7      | Reached XP level 10. HP: 85/91 MP: 9/11
  6201 | D:7      | Reached skill level 3 in Invocations
  6208 | D:7      | Reached skill level 4 in Shields
  6437 | D:7      | Reached skill level 4 in Invocations
  6496 | D:7      | Found a bloodstained altar of Trog.
  6522 | D:7      | Found a transporter.
  6683 | D:8      | Found a radiant altar of Vehumet.
  6752 | D:8      | Reached ** piety under Makhleb
  6860 | D:8      | Found a staircase to the Lair.
  7136 | D:9      | Reached skill level 10 in Fighting
  7175 | D:9      | Reached skill level 5 in Shields
  7222 | D:9      | Reached skill level 5 in Invocations
  7853 | D:9      | Reached *** piety under Makhleb
  8060 | D:10     | Entered Level 10 of the Dungeon
  8160 | D:10     | Reached skill level 6 in Shields
  8160 | D:10     | Reached skill level 6 in Invocations
  8167 | D:10     | Reached XP level 11. HP: 100/101 MP: 14/14
  8540 | D:10     | Reached skill level 11 in Fighting
  8767 | D:10     | Noticed a two-headed ogre
  8775 | D:10     | Killed a two-headed ogre
  8902 | Lair:1   | Entered Level 1 of the Lair of Beasts
  8912 | Lair:1   | Reached skill level 7 in Invocations
  8929 | Lair:1   | Noticed Gastronok
  9157 | Lair:1   | Killed Gastronok
  9157 | Lair:1   | Reached skill level 7 in Shields
  9361 | Lair:1   | Noticed Harold
  9400 | Lair:1   | Killed Harold
  9400 | Lair:1   | Reached skill level 8 in Invocations
  9587 | Lair:1   | Reached skill level 12 in Fighting
  9677 | Lair:1   | Noticed a seven-headed hydra
  9684 | Lair:1   | Killed a seven-headed hydra
  9684 | Lair:1   | Reached skill level 8 in Shields
  9684 | Lair:1   | Reached XP level 12. HP: 95/112 MP: 17/17
  9713 | Lair:1   | Noticed a fire dragon
  9730 | Lair:1   | Killed a fire dragon
  9730 | Lair:1   | Reached skill level 9 in Invocations
 10818 | Lair:2   | Noticed Urug
 10826 | Lair:2   | Killed Urug
 11409 | Lair:3   | Noticed a four-headed hydra
 11423 | Lair:3   | Killed a four-headed hydra
 11423 | Lair:3   | Reached skill level 9 in Shields
 11423 | Lair:3   | Reached skill level 10 in Invocations
 11463 | Lair:3   | Reached skill level 13 in Fighting
 11713 | Lair:3   | Reached **** piety under Makhleb
 11855 | Lair:3   | Got a steaming silver ring
 11857 | Lair:3   | Identified the ring "Jynug" {Wiz MR+ Int+3 Dex-5} (You
                  | found it on level 3 of the Lair of Beasts)
 11917 | Lair:3   | Found a staircase to the Snake Pit.
 12009 | Lair:3   | Reached XP level 13. HP: 87/122 MP: 20/20
 12216 | Lair:3   | Reached skill level 3 in Armour
 12241 | Lair:3   | Found a staircase to the Shoals.
 12410 | Lair:3   | Reached skill level 10 in Shields
 12779 | Lair:4   | Found a dark tunnel.
 12831 | Lair:4   | Reached skill level 4 in Armour
 12884 | Lair:4   | Reached skill level 14 in Fighting
 13007 | Volcano  | Entered a volcano
 13592 | D:6      | Bought a +2 helmet of see invisible for 258 gold pieces
 13893 | Lair:4   | Reached skill level 5 in Armour
 14352 | Lair:5   | Reached ***** piety under Makhleb
 14455 | Lair:5   | Reached skill level 6 in Armour
 14455 | Lair:5   | Reached skill level 11 in Shields
 14718 | Lair:5   | Got a heavily jewelled robe
 15179 | Lair:6   | Entered Level 6 of the Lair of Beasts
 15193 | Lair:5   | Reached XP level 14. HP: 131/132 MP: 21/21
 15553 | Lair:6   | Found a staircase to the Slime Pits.
 15715 | Lair:6   | Reached skill level 15 in Fighting
 16074 | Lair:5   | Reached skill level 7 in Armour
 16835 | Lair:6   | Got a crystal flail
 17409 | Lair:6   | Reached skill level 12 in Shields
 17409 | Lair:6   | Reached skill level 8 in Armour
 18225 | D:11     | Reached ****** piety under Makhleb
 18260 | D:11     | Found a staircase to the Orcish Mines.
 19107 | D:12     | Reached skill level 16 in Fighting
 19107 | D:12     | Reached XP level 15. HP: 144/144 MP: 22/22
 19131 | D:12     | Noticed Snorg
 19163 | D:12     | HP: 33/143 [Snorg (11)]
 19172 | D:12     | HP: 11/143 [Snorg (14)]
 19203 | D:11     | Killed Snorg
 19780 | D:12     | Got a sheer robe
 19900 | D:12     | You are sucked into a shaft!
 19988 | D:13     | Got a pair of scorched boots
 20430 | D:13     | Noticed Kirke
 20472 | D:12     | Reached skill level 12 in Unarmed Combat
 20900 | D:13     | Killed Kirke
 21046 | D:13     | Identified the +2 pair of boots of Jiharenu {rC+ MR- rCorr
                  | Int+6} (You found it on level 13 of the Dungeon)
 21320 | D:14     | Reached skill level 13 in Shields
 21417 | D:14     | Noticed Agnes
 21433 | D:14     | Killed Agnes
 21441 | D:14     | meem: I am meem, an upgrade of beem built by MalcolmRose
                  | (check out Malcolm's DCSS vids and other projects at
                  | http://youtube.com/malcolmrosegaming). To have me follow
                  | you in your games, type !subscribemeem - to make me go away
                  | forever, type !quitmeem - For help, type: !meem
 21931 | D:14     | Found a gate to the Vaults.
 22016 | Orc:1    | Entered Level 1 of the Orcish Mines
 22027 | Orc:1    | Noticed Erica
 22045 | Orc:1    | Killed Erica
 22259 | Orc:1    | Noticed Maurice
 22274 | Orc:1    | Killed Maurice
 22513 | Orc:1    | Reached skill level 13 in Unarmed Combat
 22542 | Orc:1    | Reached skill level 17 in Fighting
 22702 | Orc:1    | Found Haveaw's General Store.
 22868 | Orc:2    | Entered Level 2 of the Orcish Mines
 23017 | Orc:2    | Found Doihe's Magic Scroll Emporium.
 23018 | Orc:2    | Found Kouberr's Weapon Boutique.
 23022 | Orc:2    | Found Onum's Gadget Shop.
 23055 | Orc:2    | Bought a scroll of teleportation for 39 gold pieces
 23055 | Orc:2    | Bought a scroll of teleportation for 39 gold pieces
 23055 | Orc:2    | Bought a scroll of teleportation for 39 gold pieces
 23069 | Orc:2    | Found a staircase to the Elven Halls.
 23111 | Orc:2    | Found Biczanie's Assorted Antiques.
 23122 | Orc:2    | Bought a scratched iron ring for 105 gold pieces
 23151 | Orc:2    | Found Zifeuta's Assorted Antiques.
 23272 | Orc:2    | Bought 2 scrolls of blinking for 435 gold pieces
 23337 | Orc:2    | Reached XP level 16. HP: 68/155 MP: 23/23
 23936 | Orc:2    | Found Novuh's Distillery.
 23939 | Orc:2    | Found Usiyz's Armour Shop.
 23940 | Orc:2    | Found Erchasem's Food Shop.
 23941 | Orc:2    | Found Juhoeff's Assorted Antiques.
 23945 | Orc:2    | Bought a +2 large shield of reflection for 277 gold pieces
 24231 | Snake:1  | Entered Level 1 of the Snake Pit
 24287 | Snake:1  | HP: 30/155 [shock serpent/bolt of electricity (9)]
 24288 | Snake:1  | HP: 10/155 [shock serpent/electric aura (5)]
 24795 | Snake:1  | Found Hubrol's Distillery.
 24797 | Snake:1  | Found Zaw Niat's Gadget Shoppe.
 24799 | Snake:1  | Found Qoinnuu's Antique Armour Emporium.
 25693 | Snake:2  | Identified Roxanne's Incunabulum of the Mountains
 25693 | Snake:2  | Noticed Roxanne
 25711 | Snake:2  | Noticed Vashnia
 25871 | Snake:2  | Killed Vashnia
 25874 | Snake:2  | Reached skill level 14 in Shields
 25987 | Snake:2  | HP: 38/156 [shock serpent/electric aura (13)]
 25988 | Snake:2  | HP: 11/156 [naga warrior/+0 halberd (11)]
 25989 | Snake:2  | Slain by a shock serpent

Vault maps used:
D:1:      dpeg_arrival_three_same_balls
D:2:      uniq_sigmund
D:3:      first_ration, serial_aquarium, aquarium_bridge_long_joined,
          aquarium_window_fake, aquarium_window_fake, aquarium_window_1,
          aquarium_view_2b, aquarium_view_2c, aquarium_balcony_1b,
          aquarium_pool_1
D:4:      minmay_distorted, uniq_robin
D:5:      serial_shops, nicolae_shop_behind_doors, grunt_ministairs_9,
          kennysheep_generic_room_9
D:6:      minmay_temple_entry_water_ring, serial_park, serial_park_square2,
          serial_park_tiny_pond, serial_shops, shop, shop_statue,
          kennysheep_mini, nicolae_shop_window_shopping, kennysheep_mini_moat,
          minmay_manual_mail, uniq_pikel, uniq_duvessa
D:7:      trog_eyes_of_draining, gammafunk_ghost_smash, grunt_livestock
D:8:      dpeg_oklobed_lair, vehumet_altar_wand_db
D:10:     dk_noncrumbling_2, minmay_misc_feat_cross, lemuel_flamethrower_1
D:11:     erik_orc_3
D:12:     grunt_ministairs_15, nrook_guardian_serpent_double, uniq_snorg
D:13:     uniq_kirke
D:14:     david_vaults_3, kennysheep_cross_landing,
          chequers_serial_rivers_micro_c, uniq_agnes
Temple:   compressed_dpeg_circular_temple
Lair:1:   dragon1_lemuel, uniq_harold, uniq_gastronok
Lair:2:   uniq_urug
Lair:3:   elwin_shoals_entry_stream, minmay_snake_entry_guardpost_small,
          bobbens_dragon_lair_wall, serial_bayou_shore_b, serial_bayou_shore_a,
          grunt_megastairs_2
Lair:4:   cheibrodos_lair_overgrown_chateau, nicolae_volcano_entry_lava_flow
Lair:5:   lemuel_fruit_tree
Lair:6:   minmay_lair_end_enchanted_forest, dpeg_slime_entry_corner,
          chequers_serial_rivers_marsh, chequers_serial_rivers_small_b,
          bh_autumn_forest_stairs
Snake:1:  minmay_shop_star
Snake:2:  uniq_vashnia, uniq_roxanne, uniq_frances, uniq_nikola
Orc:1:    serial_shops, shop, nicolae_orc_lava_tube, uniq_erica, uniq_maurice
Orc:2:    st_orc_pillars, serial_shops, shop, shop_coins, shop, shop,
          nicolae_shop_stone
Volcano:  volcano_lake

Skill      XL: |  1  2  3  4  5  6  7  8  9 10 11 12 13 14 15 16 |
---------------+-------------------------------------------------+-----
Unarmed Combat | 3 4 5 6 8 10 11 13 | 13.9
Fighting       | 4 5 6 7 9 10 12 13 14 16 17 | 17.6
Invocations    | 2 6 8 10 | 10.8
Shields        | 3 6 8 9 11 12 13 14 | 14.0
Armour         | 6 8 |  8.6

Action                   |  1- 3 |  4- 6 |  7- 9 | 10-12 | 13-15 | 16-18 || total
-------------------------+-------+-------+-------+-------+-------+-------++-------
Melee: Unarmed           |   128 |   135 |   412 |   779 |  2115 |   279 ||  3848
Throw: Javelin           |     5 |     6 |    19 |    20 |   154 |       ||   204
Invok: Minor Destruction |       |       |       |    46 |    61 |       ||   107
       Lesser Servant of |       |       |       |     3 |     5 |       ||     8
       Major Destruction |       |       |       |       |     4 |    12 ||    16
  Use: Scroll            |     3 |       |    12 |     7 |     4 |     6 ||    32
       Potion            |       |     1 |       |       |     2 |       ||     3
 Stab: Distracted        |       |       |       |     1 |     2 |       ||     3
  Eat: Chunk             |     3 |     9 |    13 |    37 |   101 |    27 ||   190
Armor: Scale mail        |    15 |       |       |       |       |       ||    15
       Chain mail        |    58 |    60 |    84 |       |       |       ||   202
       Plate armour      |       |       |    60 |   283 |  1024 |    81 ||  1448
Dodge: Dodged            |    17 |    24 |    59 |    75 |   347 |    34 ||   556
Block: Shield            |    58 |    55 |   169 |   449 |  1736 |   104 ||  2571
       Reflection        |       |       |       |    16 |    62 |    23 ||   101
       Large shield      |       |       |       |       |       |   179 ||   179

Table legend:
 A = Non-vault XP
 B = Vault XP
 C = Vault XP percentage of total XP
 D = Non-vault monster count
 E = Vault monster count
 F = Vault count percentage of total count
                 A         B        C        D         E       F
            +---------+---------+-------+---------+---------+-------
      Total |   91170 |   61395 |  40.2 |     592 |     242 |  29.0
            +---------+---------+-------+---------+---------+-------
        D:1 |      41 |       0 |   0.0 |      23 |       0 |   0.0
        D:2 |      54 |     223 |  80.5 |      21 |       1 |   4.5
        D:3 |     156 |       0 |   0.0 |      18 |       0 |   0.0
        D:4 |     320 |      64 |  16.7 |      16 |      10 |  38.5
        D:5 |     757 |       0 |   0.0 |      13 |       0 |   0.0
        D:6 |    1102 |    1023 |  48.1 |      22 |       8 |  26.7
        D:7 |     898 |    1150 |  56.2 |      25 |       8 |  24.2
        D:8 |     656 |       2 |   0.3 |      14 |       1 |   6.7
        D:9 |    2107 |       0 |   0.0 |      41 |       0 |   0.0
       D:10 |    4604 |       0 |   0.0 |      35 |       0 |   0.0
       D:11 |    6616 |    1460 |  18.1 |      45 |      15 |  25.0
       D:12 |    4676 |    1349 |  22.4 |      40 |       6 |  13.0
       D:13 |    5259 |    1843 |  26.0 |      27 |       1 |   3.6
       D:14 |    7757 |   10202 |  56.8 |      28 |      25 |  47.2
     Temple |      35 |       0 |   0.0 |       2 |       0 |   0.0
     Lair:1 |    5720 |    3984 |  41.1 |      18 |       3 |  14.3
     Lair:2 |    2966 |     807 |  21.4 |      12 |       1 |   7.7
     Lair:3 |    4213 |    6954 |  62.3 |      16 |      27 |  62.8
     Lair:4 |    8597 |    3877 |  31.1 |      24 |      14 |  36.8
     Lair:5 |   10943 |    1834 |  14.4 |      29 |      11 |  27.5
     Lair:6 |    8831 |    7543 |  46.1 |      34 |      37 |  52.1
    Snake:1 |    4336 |       0 |   0.0 |       9 |       0 |   0.0
    Snake:2 |    3965 |    7405 |  65.1 |       9 |       4 |  30.8
      Orc:1 |    4141 |    1427 |  25.6 |      43 |       2 |   4.4
      Orc:2 |    2420 |   10248 |  80.9 |      28 |      68 |  70.8
            +---------+---------+-------+---------+---------+-------

Vault maps used:
D:1:      dpeg_arrival_three_same_balls
D:2:      uniq_sigmund
D:3:      first_ration, serial_aquarium, aquarium_bridge_long_joined,
          aquarium_window_fake, aquarium_window_fake, aquarium_window_1,
          aquarium_view_2b, aquarium_view_2c, aquarium_balcony_1b,
          aquarium_pool_1
D:4:      minmay_distorted, uniq_robin
D:5:      serial_shops, nicolae_shop_behind_doors, grunt_ministairs_9,
          kennysheep_generic_room_9
D:6:      minmay_temple_entry_water_ring, serial_park, serial_park_square2,
          serial_park_tiny_pond, serial_shops, shop, shop_statue,
          kennysheep_mini, nicolae_shop_window_shopping, kennysheep_mini_moat,
          minmay_manual_mail, uniq_pikel, uniq_duvessa
D:7:      trog_eyes_of_draining, gammafunk_ghost_smash, grunt_livestock
D:8:      dpeg_oklobed_lair, vehumet_altar_wand_db
D:10:     dk_noncrumbling_2, minmay_misc_feat_cross, lemuel_flamethrower_1
D:11:     erik_orc_3
D:12:     grunt_ministairs_15, nrook_guardian_serpent_double, uniq_snorg
D:13:     uniq_kirke
D:14:     david_vaults_3, kennysheep_cross_landing,
          chequers_serial_rivers_micro_c, uniq_agnes
Temple:   compressed_dpeg_circular_temple
Lair:1:   dragon1_lemuel, uniq_harold, uniq_gastronok
Lair:2:   uniq_urug
Lair:3:   elwin_shoals_entry_stream, minmay_snake_entry_guardpost_small,
          bobbens_dragon_lair_wall, serial_bayou_shore_b, serial_bayou_shore_a,
          grunt_megastairs_2
Lair:4:   cheibrodos_lair_overgrown_chateau, nicolae_volcano_entry_lava_flow
Lair:5:   lemuel_fruit_tree
Lair:6:   minmay_lair_end_enchanted_forest, dpeg_slime_entry_corner,
          chequers_serial_rivers_marsh, chequers_serial_rivers_small_b,
          bh_autumn_forest_stairs
Snake:1:  minmay_shop_star
Snake:2:  uniq_vashnia, uniq_roxanne, uniq_frances, uniq_nikola
Orc:1:    serial_shops, shop, nicolae_orc_lava_tube, uniq_erica, uniq_maurice
Orc:2:    st_orc_pillars, serial_shops, shop, shop_coins, shop, shop,
          nicolae_shop_stone
Volcano:  volcano_lake

Table legend:
 A = Turns spent in this place as a percentage of turns spent in the entire game.
 B = Non-inter-level travel turns spent in this place as a percentage of non-inter-level travel turns spent in the entire game.
 C = Inter-level travel turns spent in this place as a percentage of turns spent in this place.
 D = Turns resting spent in this place as a percentage of non-inter-level travel turns spent in this place.
 E = Turns spent auto-exploring this place as a percentage of non-inter-level travel turns spent in this place.
 F = Non-inter-level travel turns spent in this place divided by the number of levels of this place that you've seen.
                   A       B       C       D       E      F
               +-------+-------+-------+-------+-------+----------------------
         Total | 100.0 | 100.0 |   7.3 |  14.7 |  52.4 | 926.5
       Dungeon |  49.7 |  49.9 |   7.0 |  10.4 |  55.7 | 857.8
        Temple |   1.2 |   1.0 |  24.7 |  92.3 |   0.0 | 235.0
          Lair |  33.9 |  33.3 |   8.7 |  17.6 |  50.7 | 1338.8
     Snake Pit |   6.8 |   7.2 |   0.8 |  32.1 |  53.5 | 872.0
  Orcish Mines |   7.8 |   7.9 |   6.5 |   5.5 |  48.8 | 952.0
       Volcano |   0.6 |   0.7 |   0.0 |   0.0 |   0.0 | 163.0
               +-------+-------+-------+-------+-------+----------------------

Table legend:
 A = Kills in this place as a percentage of kills in entire the game.
 B = Kills by you in this place as a percentage of kills by you in the entire game.
 C = Kills by friends in this place as a percentage of kills by friends in the entire game.
 D = Other kills in this place as a percentage of other kills in the entire game.
 E = Experience gained in this place as a percentage of experience gained in the entire game.
 F = Experience gained in this place divided by the number of levels of this place that you have seen.
                   A       B       C       D       E      F
               +-------+-------+-------+-------+-------+----------------------
         Total | 100.0 | 100.0 | 100.0 | 100.0 | 100.0 | 5867.9
       Dungeon |  53.1 |  52.8 |  66.7 |  60.0 |  34.3 | 3737.1
        Temple |   0.2 |   0.2 |   0.0 |   0.0 |   0.0 |  35.0
          Lair |  27.1 |  27.2 |  33.3 |  20.0 |  43.4 | 11044.8
     Snake Pit |   2.6 |   2.5 |   0.0 |  13.3 |  10.3 | 7853.0
  Orcish Mines |  16.9 |  17.3 |   0.0 |   6.7 |  12.0 | 9118.0
               +-------+-------+-------+-------+-------+----------------------
